 Dungeon Crawl Stone Soup version 0.25.1-2-g60ff931df9 (webtiles) character file.

Game seed: 14946320762757724879

56 DildoBatman the Conjurer (level 4, -1/30 HPs)
             Began as a Formicid Wizard on Sept 7, 2020.
             Slain by a kobold (3 damage)
             ... on level 2 of the Dungeon.
             The game lasted 00:03:37 (1500 turns).

DildoBatman the Conjurer (Formicid Wizard)          Turns: 1500, Time: 00:03:38

Health: -1/30      AC:  2    Str: 12    XL:     4   Next: 15%
Magic:  1/8        EV: 12    Int: 18    God:
Gold:   59         SH:  0    Dex:  9    Spells: 8/9 levels left

rFire    . . .     SeeInvis +   g - +0 dagger
rCold    . . .     Gourm    .   (no shield)
rNeg     . . .     Faith    .   a - +0 robe
rPois    +         Spirit   .   (helmet unavailable)
rElec    .         Reflect  .   (no cloak)
rCorr    .         Harm     .   (no gloves)
MR       .....                  (no boots)
Stlth    ++........             (no amulet)
HPRegen  0.10/turn              j - ring of poison resistance
MPRegen  0.11/turn              (no ring)

@: no status effects
A: permanent stasis, dig shafts and tunnels, four strong arms, antennae 3
a: Dig, Shaft Self


You were on level 2 of the Dungeon.
You were not hungry.

You visited 1 branch of the dungeon, and saw 2 of its levels.

You collected 59 gold pieces.

Inventory:

Hand Weapons
 g - a +0 dagger (weapon)
Missiles
 b - 45 arrows
 c - 59 stones (quivered)
Armour
 a - a +0 robe (worn)
Jewellery
 j - a ring of poison resistance (left hand)
Scrolls
 e - a scroll of teleportation {unknown}
 k - a scroll of identify {unknown}
Potions
 f - a potion of ambrosia {unknown}
 h - a potion of curing {unknown}
 i - a potion of mutation {unknown}
Comestibles
 d - 3 chunks of flesh
 v - 6 rations


   Skills:
 - Level 1.7 Dodging
 - Level 2.4 Stealth
 - Level 3.2 Spellcasting
 * Level 3.3 Conjurations
   Level 1.0 Summonings
   Level 0.8 Translocations


You had 8 spell levels left.
You knew the following spells:

 Your Spells              Type           Power        Failure   Level  Hunger
c - Magic Dart            Conj           ##..         4%          1    None

Your spell library contained the following spells:

 Spells                   Type           Power        Failure   Level  Hunger
 Call Imp                 Summ           #.......     16%         2    ##.....
 Slow                     Hex            #.......     24%         2    ##.....
 Conjure Flame            Conj/Fire      #.......     24%         3    ###....
 Mephitic Cloud           Conj/Pois/Air  #.......     30%         3    ###....
 Blink                    Tloc           Unusable     N/A         2    N/A

Dungeon Overview and Level Annotations

Branches:
Dungeon (2/15)

Altars:
Ru

Annotations:
D:1 Sigmund
D:2 1 exclusion


Innate Abilities, Weirdness & Mutations

You cannot be hasted, slowed, berserked, paralysed or teleported.
You can dig through walls and to a lower floor.
Your four strong arms can wield two-handed weapons with a shield.
You have a pair of large antennae on your head. (SInv)


Message History

You shout for attention!
The kobold barely misses you. What are your orders? t - Shout!
Orders for allies: a - Attack new target. r - Retreat! s - Stop attacking. g - Guard the area. f - Follow me.
Anything else - Cancel.
You shout for attention!
You hear an angry hiss.
The kobold hits you but does no damage. What are your orders? t - Shout!
Orders for allies: a - Attack new target. r - Retreat! s - Stop attacking. g - Guard the area. f - Follow me.
Anything else - Cancel.
You shout for attention!
The kobold hits you.
You die...

###### #.#..#
#.#..## #.#.#.##
### #.#.##.###.#
{ ...
#....##....#
##.##.{....#####
##...##...#.#
#_....##.##(##
.......#.K@..##
................#
.......###....###
#.....# #....#
##...# #....#
#### #...... ##
#.#..### ..
#.#..# #


You could see a kobold.

Vanquished Creatures
  An adder (D:2)
  An ooze (D:1)
  4 dart slugs
  3 giant cockroaches
  3 hobgoblins (D:1)
  3 jackals (D:2)
  2 ball pythons
  3 bats (D:1)
  4 goblins
  3 kobolds
  8 rats
35 creatures vanquished.

Notes
Turn   | Place    | Note
-------+----------+-------------------------------------------
     0 | D:1      | DildoBatman the Formicid Wizard began the quest for the
                  | Orb.
     0 | D:1      | Reached XP level 1. HP: 13/13 MP: 4/4
    90 | D:1      | Reached skill level 1 in Conjurations
   222 | D:1      | Reached XP level 2. HP: 19/19 MP: 4/6
   634 | D:1      | Reached XP level 3. HP: 24/24 MP: 0/7
  1067 | D:2      | Noticed Sigmund
  1377 | D:2      | Found a faded altar of an unknown god.
  1476 | D:2      | Found a sacrificial altar of Ru.
  1487 | D:2      | Reached XP level 4. HP: 4/30 MP: 0/8
  1497 | D:2      | HP: 1/30 [kobold (1)]
  1500 | D:2      | Slain by a kobold

Illustrated notes

Levels and vault maps discovered:
D:1:      mrwooster_arrival_statue_3, layout_basic, serial_corexii_hall,
          corexii_hall_statues_i, chequers_hall_statues_corner_a,
          solitary_fountain, chequers_serial_rivers_micro_d,
          minmay_strange_pillars
D:2:      layout_loops_ring, overflow_temple_1_default,
          nicolae_overflow_hidden_temple,
          chequers_ecumenical_altar_simple_redux, uniq_sigmund

Skill      XL: |  1  2  3 |
---------------+----------+-----
Conjurations   | 1 2 3 |  3.3
Dodging        | |  1.7
Stealth        | |  2.4
Spellcasting   | |  3.2
Summonings     | |  1.0
Translocations | |  0.8

Action                   |  1- 3 |  4- 6 || total
-------------------------+-------+-------++-------
Melee: Dagger            |    22 |     1 ||    23
Throw: Stone             |     1 |       ||     1
 Cast: Magic Dart        |    85 |     1 ||    86
 Abil: Dig               |     2 |       ||     2
  Eat: Chunk             |     2 |       ||     2
Armor: Robe              |    10 |     2 ||    12
Dodge: Dodged            |    27 |     6 ||    33
